Map: Catalyst LE

Players

EGG

  • Race: Zerg Zerg
  • League: Grandmaster
  • Spawn Location: 5:00

eGGz - Winner!

  • Race: Zerg Zerg
  • League: Master
  • Spawn Location: 11:00

VOD

Have the link to the VOD?

Description

Time

  • Played on: Feb. 1, 2018, 4:35 p.m.
  • Length: 11:03
Show
View Real Time Build Order
Export as new Build Order

EGG Zerg 

Build Orders: Hatch First 

Get SALT Encoding   

  12  0:01  Drone  
  13  0:12  Overlord  
  13  0:17  Drone  
  14  0:31  Drone x2  
  14  0:35  Drone  
  17  0:53  Hatchery  
  17  0:56  Drone  
  17  0:58  Drone  
  17  1:03  Extractor  
  17  1:13  Spawning Pool  
  17  1:17  Drone  
  17  1:20  Drone  
  18  2:00  Queen  
  21  2:01  Zergling x4  
  21  2:05  Queen  
  21  2:06  Zergling x4  
  26  2:15  Zergling x2  
  26  2:16  Metabolic Boost  
  21  2:36  Zergling x8  
  25  2:44  Overlord  
  25  2:56  Drone x3  
  27  3:06  Drone  
  27  3:12  Drone x3  
  31  3:24  Drone x3  
  31  3:25  Drone  
  35  3:40  Overlord x2  
  35  3:49  Spine Crawler  
  34  3:56  Baneling Nest  
  34  4:00  Drone x3  
  36  4:03  Zergling x4  
  36  4:05  Zergling x2  
  38  4:14  Zergling x2  
  39  4:27  Zergling x6  
  37  4:38  Zergling x8  
  37  4:39  Zergling x2  
  41  4:48  Baneling x2  
  41  4:49  Baneling  
  41  5:05  Hatchery  
  40  5:08  Lair  
  40  5:12  Drone x2  
  42  5:30  Baneling  
  42  5:32  Extractor  
  42  5:34  Roach Warren  
  42  5:35  Drone x3  
  43  5:36  Evolution Chamber  
  42  5:44  Drone  
  42  5:45  Drone x2  
  44  5:59  Drone  
  44  6:00  Overlord  
  44  6:01  Overlord  
  45  6:04  Zerg Missile Weapons Level 1  
  45  6:17  Glial Reconstitution  
  45  6:25  Drone  
  44  6:26  Drone x4  
  48  6:45  Drone x5  
  53  6:50  Extractor  
  52  6:59  Drone x4  
  52  7:00  Overlord  
  55  7:04  Roach x3  
  60  7:20  Overlord  
  60  7:21  Roach x2  
  64  7:27  Overlord  
  64  7:31  Roach  
  64  7:32  Roach  
  68  7:37  Hatchery  
  68  7:38  Roach x2  
  68  7:43  Roach x2  
  75  7:49  Roach x2  
  77  7:57  Roach x4  
  82  8:09  Roach  
  82  8:10  Roach x4  
  86  8:19  Roach x2  
  80  8:30  Roach x4  
Show
View Real Time Build Order
Export as new Build Order

eGGz Zerg - Winner!

Build Orders: Pool First 

Get SALT Encoding   

  12  0:19  Spawning Pool  
  11  0:21  Drone  
  11  0:28  Drone  
  13  0:32  Drone  
  14  0:41  Overlord  
  14  1:06  Zergling x6  
  14  1:07  Queen  
  19  1:18  Zergling x2  
  20  1:28  Zergling x2  
  21  1:35  Extractor  
  21  1:39  Hatchery  
  19  1:41  Zergling x2  
  20  1:50  Drone  
  21  2:05  Drone  
  22  2:14  Overlord  
  17  2:33  Zergling x4  
  17  2:34  Zergling x2  
  17  2:35  Queen  
  22  2:41  Metabolic Boost  
  22  2:49  Drone x2  
  22  2:51  Zergling x2  
  25  2:55  Zergling x2  
  26  3:00  Zergling x2  
  27  3:06  Overlord  
  27  3:10  Zergling x2  
  28  3:30  Zergling x12  
  34  3:36  Zergling x4  
  36  3:46  Overlord  
  36  3:56  Overlord  
  36  3:58  Spine Crawler  
  35  4:05  Zergling x2  
  35  4:06  Zergling x4  
  38  4:14  Zergling x2  
  38  4:15  Zergling x2  
  40  4:17  Zergling x2  
  40  4:20  Drone  
  41  4:29  Zergling x4  
  35  4:43  Drone x3  
  35  4:49  Drone x3  
  38  4:54  Drone x2  
  39  5:00  Drone  
  39  5:07  Drone x2  
  42  5:16  Roach Warren  
  40  5:29  Drone x4  
  40  5:30  Overlord  
  42  5:44  Zergling x2  
  42  5:45  Zergling x8  
  47  5:56  Roach x4  
  47  5:57  Roach  
  57  6:12  Roach  
  59  6:25  Overlord  
  59  6:30  Overlord  
  59  6:38  Extractor  
  59  6:39  Hatchery  
  57  6:41  Roach  
  57  6:45  Roach x4  
  67  6:53  Roach x2  
  71  6:54  Zergling x8  
  71  6:55  Zergling x2  
  76  7:11  Zergling x2  
  76  7:13  Overlord  
  75  7:16  Overlord  
  75  7:17  Overlord  
  75  7:22  Overlord  
  75  7:25  Overlord  
  75  7:27  Overlord  
  75  7:33  Roach x2  
  79  7:37  Zergling x4  
  81  7:46  Zergling x2  
  81  7:47  Zergling x4  
  84  7:54  Zergling x8  
  84  7:55  Zergling x2  
  84  8:06  Zergling x4  
  80  8:13  Zergling x2  
  80  8:14  Zergling x2  
  80  8:19  Zergling x6  
  75  8:29  Zergling x14  
Tags
 
Add a new tag
Caveats
  • Supply blocks, unpowered buildings, or Contaminate may cause inaccurate times.
  • Supply counts are checked every 10 seconds.